 Dungeon Crawl Stone Soup version 0.28-a0-461-g2dc4ca5097 (webtiles) character file.

Game seed: 11483189441267309515

28 Gwenloh the Sneak (level 3, -9/34 HPs)
             Began as a Naga Delver on Sept 13, 2021.
             Was an Initiate of Cheibriados.
             Mangled by Menkaure (14 damage)
             ... on level 6 of the Dungeon.
             The game lasted 00:02:24 (57 turns).

Gwenloh the Sneak (Naga Delver)                       Turns: 57, Time: 00:02:24

Health: -9/34      AC:  2    Str: 15    XL:     3   Next: 12%
Magic:  0/3        EV:  9    Int: 11    God:    Cheibriados [......]
Gold:   0          SH:  0    Dex: 14    Spells: 2/2 levels left

rFire   . . .      SeeInvis +   a - +0 short sword
rCold   . . .      Faith    .   (no shield)
rNeg    . . .      Spirit   .   b - +0 leather armour
rPois   +          Reflect  .   (no helmet)
rElec   .          Harm     .   (no cloak)
rCorr   .          Rampage  .   (no gloves)
Will    .....                   (no barding)
Stlth   +++.......              (no amulet)
HPRegen 0.11/turn               (no ring)
MPRegen 0.08/turn               (no ring)

@: very slow
A: AC +1, large, see invisible, deformed body, poison resistance, slowness 2,
spit poison 1, naga tail 1
a: Spit Poison, Renounce Religion, Bend Time


You were on level 6 of the Dungeon.
You worshipped Cheibriados.
Cheibriados was noncommittal.
You visited 1 branch of the dungeon, and saw 2 of its levels.

Inventory:

Hand Weapons
 a - a +0 short sword (weapon)
Armour
 b - a +0 leather armour (worn)
Wands
 g - a wand of digging (3)
Scrolls
 c - a scroll of fog
 d - a scroll of magic mapping
 e - a scroll of fear
Potions
 f - a potion of haste


   Skills:
 + Level 3.3 Fighting
 + Level 2.4 Short Blades
 + Level 2.0 Dodging
 + Level 7.6 Stealth


You had 2 spell levels left.
You didn't know any spells.
Your spell library was empty.

Dungeon Overview and Level Annotations

Branches:
Dungeon (6/15)
 Temple: D:4-7

Altars:
Cheibriados

Annotations:
D:6 Menkaure


Innate Abilities, Weirdness & Mutations

Your serpentine skin is tough. (AC +1)
You have supernaturally acute eyesight. (SInv)
Armour fits poorly on your strangely shaped body.
Your system is resistant to poisons. (rPois)
You cover ground very slowly.
You can spit poison.
You have a snake-like lower body.


Message History

You can now bend time to slow others.
Okay, then.
There is a stone staircase leading down here.
You climb downwards.
You hear the sound of rushing water.
There is an entrance to a sewer on this level.
Hurry and find it before the portal rusts away!
There is a stone staircase leading up here.
A jelly comes into view.
The helpless jelly fails to defend itself.
You impale the jelly!!
You kill the jelly!
Cheibriados appreciates the change of pace.
Your Dodging skill increases to level 2!
You have reached level 2!
You have reached level 3!
Your experience leads to an increase in your attributes!
Your base attributes are Str 14, Int 10, Dex 12.
Increase (S)trength, (I)ntelligence, or (D)exterity?
You feel agile.
Your skin feels tougher.
Menkaure, Prince of Dust comes into view.
Menkaure's bandages flutter.
You hear the slow rusting of a drain nearby.
Menkaure gestures wildly while chanting.
Menkaure seems to speed up.
You start waiting.
Menkaure is nearby!
Menkaure hits you!
Ouch! That really hurt!
Menkaure hits you!
* * * LOW HITPOINT WARNING * * *
The flow of time bends around you.
Cheibriados rebukes Menkaure.
Menkaure seems to slow down.
Menkaure hits you.
* * * LOW HITPOINT WARNING * * *
Okay, then.
Okay, then.
You hit Menkaure.
Menkaure is lightly damaged.
Menkaure hits you!
You die...

#......
.....
..... ...
... #.#
#.#
#M#######
#.@.....#
#######.#
#.....#.#
#.###.#.#
#.#<..#.#
#.#####.#
#.......#
#########


You could see Menkaure (fast, slow).

Vanquished Creatures
  A jelly (D:6)
1 creature vanquished.

Notes
Turn   | Place    | Note
-------+----------+-------------------------------------------
     0 | D:5      | Gwenloh the Naga Delver began the quest for the Orb.
     0 | D:5      | Reached XP level 1. HP: 21/21 MP: 1/1
     2 | D:5      | Found a snail-covered altar of Cheibriados.
    10 | D:5      | Became a worshipper of Cheibriados the Contemplative
    36 | D:6      | Noticed a jelly
    40 | D:6      | Killed a jelly
    41 | D:6      | Reached XP level 2. HP: 28/28 MP: 2/2
    41 | D:6      | Reached XP level 3. HP: 34/34 MP: 3/3
    50 | D:6      | Noticed Menkaure
    57 | D:6      | Mangled by Menkaure

Illustrated notes

Levels and vault maps discovered:
D:5:      layout_loops_ring, elyvilon_altar_5, kiku_gazebo_garden_becter,
          nicolae_overflow_hidden_temple, uniq_grinder
D:6:      layout_basic, mainiacjoe_overflow_alcove_2,
          cheibrodos_sewer_entry_sluice, minmay_unpleasant_kobolds,
          uniq_menkaure

Skill      XL: |  1 |
---------------+----+-----
Dodging        | 2 |  2.0
Fighting       | |  3.3
Short Blades   | |  2.4
Stealth        | |  7.6

Action                   || total
-------------------------++-------
Melee: Short sword       ||     2
Invok: Bend Time         ||     1
 Stab: Sleeping          ||     1

Table legend: (Time is in decaauts)
 A = Elapsed time spent in this place.
 B = Non-inter-level travel time spent in this place.
 C = Inter-level travel time spent in this place.
 D = Time resting spent in this place.
 E = Time spent auto-exploring this place.
 F = Levels seen in this place.
 G = Mean time per level.
                   A        B        C        D        E       F      G
               +--------+--------+--------+--------+--------+-----+--------+
         Total |     90 |     90 |      0 |      3 |      0 |   2 |   45.0 |
       Dungeon |     90 |     90 |      0 |      3 |      0 |   2 |   45.0 |
               +--------+--------+--------+--------+--------+-----+--------+

Top non-repeatable levels by time:
     D:6: 57 daAuts
     D:5: 33 daAuts
